 Dungeon Crawl Stone Soup version 0.28.0-49-g6dfe1f597d (webtiles) character file.

Game seed: 10372041520104876253

794 Zeld the Skirmisher (level 7, -2/96 HPs)
             Began as a Minotaur Berserker on May 18, 2022.
             Was a Priest of Trog.
             Slain by a meliai zombie (5 damage)
             ... on level 5 of the Dungeon.
             The game lasted 00:03:37 (6373 turns).

Zeld the Skirmisher (Minotaur Berserker)            Turns: 6373, Time: 00:03:37

Health: -2/96      AC:  3    Str: 23    XL:     7   Next: 58%
Magic:  6/6        EV: 13    Int:  4    God:    Trog [***...]
Gold:   16         SH:  0    Dex: 10    Spells: 6/6 levels left

rFire   . . .      SeeInvis .   a - +0 hand axe
rCold   . . .      Faith    .   (no shield)
rNeg    . . .      Spirit   .   b - +0 animal skin
rPois   .          Reflect  .   j - +0 hat
rElec   .          Harm     .   (no cloak)
rCorr   .          Rampage  .   t - +0 pair of gloves
Will    .....                   (no boots)
Stlth   ..........              (no amulet)
HPRegen 0.26/turn               (no ring)
MPRegen 0.10/turn               (no ring)

@: berserking, lethally poisoned (-2 -> -11), slowed
A: horns 2, retaliatory headbutt
a: Renounce Religion, Berserk, Trog's Hand


You were on level 5 of the Dungeon.
You worshipped Trog.
Trog was most pleased with you.
You visited 2 branches of the dungeon, and saw 6 of its levels.

You collected 289 gold pieces.
You spent 273 gold pieces at shops.

Inventory:

Hand Weapons
 a - a +0 hand axe (weapon)
Armour
 b - a +0 animal skin (worn)
 j - a +0 hat (worn)
 t - a +0 pair of gloves (worn)
Jewellery
 w - a ring of willpower
Wands
 u - a wand of digging (7)
 v - a wand of flame (16)
Scrolls
 c - 3 scrolls of identify {unknown}
 d - 4 scrolls of teleportation {unknown}
 f - 2 scrolls of fog {unknown}
 i - a scroll of amnesia {unknown}
 m - a scroll of summoning {unknown}
 o - a scroll of magic mapping {unknown}
 p - a scroll of enchant armour {unknown}
 q - a scroll of vulnerability {unknown}
 r - a scroll of blinking {unknown}
Potions
 e - a potion of brilliance {unknown}
 g - a potion of ambrosia {unknown}
 h - 2 potions of haste
 k - 2 potions of might {unknown}
 l - 3 potions of heal wounds
 n - 3 potions of curing
 s - a potion of attraction {unknown}


   Skills:
 * Level 6.9 Fighting
 * Level 6.9 Axes
 + Level 4.7 Armour
 + Level 4.3 Dodging


You had 6 spell levels left.
You didn't know any spells.
Your spell library was empty.

Dungeon Overview and Level Annotations

Branches:
Dungeon (5/15)             Temple (1/1) D:5

Altars:
Cheibriados
Dithmenos
Elyvilon
Gozag
Hepliaklqana
Kikubaaqudgha
Makhleb
Nemelex Xobeh
Okawaru
Qazlal
Ru
Sif Muna
Trog
Uskayaw
Vehumet
Wu Jian
Xom
Yredelemnul
Zin
The Shining One

Shops:
D:5 !

Annotations:
D:3 3 runed translucent doors, HakeonGodeson's ghost, amateur HuFi


Innate Abilities, Weirdness & Mutations

You have a pair of horns on your head.
You reflexively headbutt those who attack you in melee.


Message History

No target in view!
There is a stone staircase leading down here.
A hornet comes into view.
Found 16 gold pieces.
The hornet buzzes angrily.
A hornet is nearby!
A meliai zombie comes into view.
There are monsters nearby!
You hit the hornet but do no damage. The hornet stings you!
You feel yourself slow down.
You hit the hornet.
The hornet is lightly wounded.
You feel yourself speed up. The hornet stings you!
You feel yourself slow down. The hornet barely misses you.
The hornet stings you!
You feel as though you will be slow longer.
There are monsters nearby!
You are too injured to fight recklessly!
A red film seems to cover your vision as you go berserk!
You feel yourself moving faster!
You feel mighty! The hornet stings you.
You are poisoned.
You feel as though you will be slow longer.
The meliai zombie hits you. The meliai zombie closely misses you.
The hornet stings you!
* * * LOW HITPOINT WARNING * * *
You feel as though you will be slow longer.
A worm comes into view.
You are too injured to fight recklessly!
You miss the hornet.
The hornet is lightly wounded.
You slash the meliai zombie!
You feel very sick. The meliai zombie barely misses you.
You furiously retaliate!
You headbutt the meliai zombie!! The meliai zombie hits you.
* * * LOW HITPOINT WARNING * * *
The hornet stings you!
* * * LOW HITPOINT WARNING * * *
You feel as though you will be slow longer.
The meliai zombie hits you.
You die...

.....w.... ..........
#$..w....## #
..........# #
..........#### #
!<........... #
......Zy..# #.########
.......@..# #.........
.........## ######...
........## #...
.......>[## ##...
..........## #....
#..........# #....
#..........#########.###
#....................##
#.........)#####......#


You could see a hornet, a worm, a dart slug and a meliai zombie.

Vanquished Creatures
  An orc warrior (D:5)
  2 ogres
  A water moccasin skeleton (D:4)
  A hound (D:5)
  2 jellies (D:4)
  An iguana (D:4)
  Jessica (D:3)
  A scorpion zombie (D:5)
  4 orc wizards
  3 gnolls (D:5)
  A howler monkey skeleton (D:5)
  4 adders
  A shadow imp (D:4)
  A white imp (D:4)
  An adder skeleton (D:5)
  An adder zombie (D:5)
  3 worms
  A dart slug (D:4)
  13 orcs
  7 endoplasms
  4 giant cockroaches
  7 goblins
  9 hobgoblins
  4 jackals (D:2)
  5 kobolds
  2 quokkas (D:1)
  10 ball pythons
  8 bats
  4 frilled lizards
  6 rats
109 creatures vanquished.

Vanquished Creatures (others)
  5 toadstools (D:1)
5 creatures vanquished.

Grand Total: 114 creatures vanquished

Notes
Turn   | Place    | Note
-------+----------+-------------------------------------------
     0 | D:1      | Zeld the Minotaur Berserker began the quest for the Orb.
     0 | D:1      | Reached XP level 1. HP: 19/19 MP: 0/0
   410 | D:1      | Reached XP level 2. HP: 27/27 MP: 1/1
   926 | D:1      | Found a faded altar of an unknown god.
   965 | D:1      | Reached ** piety under Trog
  1241 | D:2      | Reached XP level 3. HP: 24/33 MP: 2/2
  1903 | D:2      | Identified the +7 flail of Laceration {freeze, Stlth+}
  2812 | D:3      | Reached XP level 4. HP: 38/41 MP: 3/3
  2861 | D:3      | Noticed Jessica
  2866 | D:3      | Killed Jessica
  3227 | D:3      | Reached skill level 5 in Fighting
  3227 | D:3      | Reached skill level 5 in Axes
  3354 | D:3      | Reached XP level 5. HP: 43/48 MP: 4/4
  3506 | D:3      | Found a runed translucent gate.
  3506 | D:3      | Found a runed translucent gate.
  3506 | D:3      | Found a runed translucent gate.
  3512 | D:3      | Found an opulent altar of Gozag.
  3514 | D:3      | Noticed an ogre
  3514 | D:3      | Noticed HakeonGodeson's ghost (amateur HuFi)
  3763 | D:4      | Reached *** piety under Trog
  4167 | D:4      | Noticed an ogre
  4175 | D:4      | Killed an ogre
  4176 | D:4      | Reached XP level 6. HP: 57/57 MP: 5/5
  4819 | D:5      | Entered Level 5 of the Dungeon
  4821 | D:5      | Noticed an orc warrior
  5766 | D:5      | Reached XP level 7. HP: 57/63 MP: 6/6
  5799 | D:5      | Found Uckuh's Distillery.
  6082 | D:5      | Bought a potion of curing for 39 gold pieces
  6082 | D:5      | Bought a potion of curing for 39 gold pieces
  6082 | D:5      | Bought a potion of haste for 130 gold pieces
  6082 | D:5      | Bought a potion of heal wounds for 65 gold pieces
  6087 | D:5      | Found a staircase to the Ecumenical Temple.
  6105 | Temple   | Entered the Ecumenical Temple
  6367 | D:5      | Noticed a hornet
  6373 | D:5      | HP: 3/96 [hornet (11)]
  6373 | D:5      | Slain by a meliai zombie

Illustrated notes

Levels and vault maps discovered:
D:1:      ldierk_walled_garden, layout_basic,
          hellmonk_ecumenical_altar_inner_sanctum, minmay_crystal_room
D:2:      layout_loops_ring, serial_co_window_serial, co_window_cross_1,
          co_window_of_opportunity_a, co_window_of_opportunity_a,
          co_window_corner_a, co_window_paths_b, co_window_paths_a,
          co_window_broadway_b, co_window_corner_cb, co_window_cross_2,
          co_window_corner_b, co_window_broadway_c, co_window_cross_3,
          co_window_of_opportunity_b, co_window_paths_e, glass_columns_b,
          glass_columns_a, glass_columns_a
D:3:      layout_loops_ring, ebering_ghost_gozag, minmay_starry_boxes,
          uniq_jessica
D:4:      layout_rooms, nicolae_zen_rock_garden, kennysheep_generic_room_5
D:5:      layout_rooms, minmay_temple_entry_mini_moons, serial_shops,
          kennysheep_little_box
Temple:   regret_index_temple_chain_breaker

Skill      XL: |  1  2  3  4  5  6  7 |
---------------+----------------------+-----
Fighting       | 4 5 6 |  6.9
Axes           | 4 5 6 |  6.9
Armour         | 3 4 |  4.7
Dodging        | 3 4 |  4.3

Action                   |  1- 3 |  4- 6 |  7- 9 || total
-------------------------+-------+-------+-------++-------
Melee: Hand axe          |    97 |   132 |    44 ||   273
       Headbutt          |     8 |    20 |     5 ||    33
       Punch             |     2 |     2 |       ||     4
Invok: Berserk           |     1 |     4 |     3 ||     8
       Trog's Hand       |       |       |     1 ||     1
 Stab: Sleeping          |     2 |       |       ||     2
Armor: Animal skin       |    13 |    24 |    12 ||    49
Dodge: Dodged            |    65 |    83 |    21 ||   169
